[Event "Early-Titled-Tuesday-Blitz-January-23-2024"]
[Site "Chess.com"]
[Date "2024.01.23"]
[Round "1"]
[White "Leebit02"]
[Black "leopato"]
[Result "0-1"]
[WhiteElo "2558"]
[BlackElo "2205"]
[TimeControl "180+1"]
[EndTime "8:08:30 PST"]
[Termination "leopato won on time"]

1. d4 Nf6 2. c4 g6 3. Nc3 Bg7 4. e4 d6 5. h3 O-O 6. Be3 c5 7.
Nf3 cxd4 8. Nxd4 Nc6 9. Be2 Bd7 10. O-O Rc8 11. Rc1 Nxd4 12. Bxd4 Bc6 13. Qd3 Qa5 14.
a3 Nd7 15. Bxg7 Kxg7 16. f4 Nc5 17. Qd4+ Kg8 18. Rce1 Ne6 19. Qd2 Qc5+ 20. Kh2 a6 21. Rd1 b5 22. b4 Qb6 23. f5 Nc7 24. f6 exf6 25. Rxf6 Ne8 26. Rff1 bxc4 27. Bxc4 Bb5 28. Bxb5 axb5 29. Nd5 Qd8 30. Qh6 Rc4 31. Rf4 f6 32.
Rdf1 Rf7 33. Rg4 Rg7 34. h4 f5 35. Rgf4 Rxe4 36. Rxe4 fxe4 37. Re1 Nf6 38. Qg5 Rf7 39. Rxe4 Qf8 40. Nxf6+ Rxf6 41. Qxb5 Rf5 42. Qd7 d5 43. Re8 h6 44. Rxf8+ Rxf8 45. Qxd5+ Kg7 46. b5 Rf5 47. Qd7+ Rf7 48. Qc6 Re7 49. b6 Kf7 50. b7 h5 51.
b8=Q Kg7 52. Qbd6 Rf7 53. Qxg6+ Kf8 54. Qc8+ Ke7 0-1

[Event "Early-Titled-Tuesday-Blitz-January-23-2024"]
[Site "Chess.com"]
[Date "2024.01.23"]
[Round "1"]
[White "Mikhail_Bryakin"]
[Black "deribas12345"]
[Result "1-0"]
[WhiteElo "2857"]
[BlackElo "2475"]
[TimeControl "180+1"]
[EndTime "8:08:32 PST"]
[Termination "Mikhail_Bryakin won on time"]

1. g3 c5 2. Bg2 Nc6 3. d3 d5 4. Nd2 e5 5. e4 d4 6. f4 exf4 7. gxf4 Qh4+ 8. Kf1 Qxf4+ 9. Ngf3 Nf6 10. Nc4 Qc7 11. Bg5 Be7 12. Qe2 O-O 13. Kg1 Be6 14.
b3 Bxc4 15. bxc4 Ng4 16. Bd2 Nge5 17. Nxe5 Nxe5 18. Rf1 Ng6 19. Qh5 Bd6 20. Rf3 Rae8 21. Rh3 h6 22. Bxh6 Re5 23. Bg5 f6 24. Qxg6 Rxg5 25. Qh7+ Kf7 26. Rf3 Bf4 27. h4 Be3+ 28.
Kf1 Qb6 29. Rxe3 Rxg2 30. Kxg2 dxe3 31. Qh5+ Kg8 32. Kf3 Qe6 33. Qf5 Qxf5+ 34. exf5 Re8 35. Re1 Re5 36. Kf4 e2 37. c3 Kf7 38. d4 cxd4 39.
cxd4 Ra5 40. Rxe2 Ra4 41. Rc2 b5 42. cxb5 Rxd4+ 43. Ke3 Rd5 44. a4 Rd7 45. a5 Rb7 46. Rb2 Ke7 47. b6 axb6 48. axb6 Kd6 49. Kf4 Kc6 50. Kg4 Kd5 51. Kh5 Ke5 52. Kg6 Kf4 53. h5 Ke5 54. Rb5+ Kd6 55. Rb1 Ke5 56. Re1+ Kd6 57.
Re8 Kd5 58. Rg8 Ke5 59. Rxg7 Rxb6 60. Re7+ Kf4 61. h6 Rb1 62. h7 Rh1 63. Kxf6 Kg4 64. Kg6 Kf4 65. Re8 1-0

[Event "Early-Titled-Tuesday-Blitz-January-23-2024"]
[Site "Chess.com"]
[Date "2024.01.23"]
[Round "1"]
[White "GrotBchess"]
[Black "ArtemDyachuk"]
[Result "0-1"]
[WhiteElo "2311"]
[BlackElo "2634"]
[TimeControl "180+1"]
[EndTime "8:08:32 PST"]
[Termination "ArtemDyachuk won by resignation"]

1. e4 e5 2. Nf3 Nc6 3. Bb5 a6 4. Ba4 Nf6 5. O-O Bc5 6. c3 b5 7. Bc2 d5 8. d4 exd4 9. e5 Ne4 10. cxd4 Bb6 11. Nc3 Bg4 12. Nxe4 dxe4 13. Bxe4 Nxd4 14. h3 Nxf3+ 15. Bxf3 Qxd1 16. Bxd1 Be6 17. Bf3 O-O-O 18. a4 Bc4 19. axb5 Bxf1 20. Kxf1 Rhe8 21. bxa6 Kb8 22. Bf4 Rd4 23. a7+ Bxa7 24. Be3 c5 25. Bxd4 cxd4 26. Re1 Rc8 27. Bd5 Rc2 28. Bxf7 d3 29. Rd1 Rxf2+ 30. Ke1 Re2+ 31. Kf1 Rf2+ 32. Ke1 Rxf7 33. Rxd3 Re7 34. Rd5 Kc7 35. Ke2 Kc6 36. Ra5 Bb6 37. Ra8 Rxe5+ 38. Kf3 Re3+ 39. Kg4 Re2 40. Kf3 Rxb2 41. Rg8 Bd4 42. g4 Rb3+ 43. Ke4 Bb2 44. h4 Kd6 45. h5 Ke6 46. Rh8 Rb4+ 47. Kf3 h6 48. Re8+ Kf6 49.
Rf8+ Kg5 50. Rf5+ Kh4 51. g5 hxg5 52. h6 gxh6 53. Rf7 Rf4+ 54. Rxf4+ gxf4 55. Kxf4 Bd4 56. Kf3 Kh3 57. Ke4 h5 58. Kxd4 Kg2 59. Ke3 h4 60. Kf4 h3 61. Kg4 h2 62. Kh4 h1=Q+ 63. Kg4 Qf1 0-1

[Event "Early-Titled-Tuesday-Blitz-January-23-2024"]
[Site "Chess.com"]
[Date "2024.01.23"]
[Round "1"]
[White "grzechu96"]
[Black "Juicy_Fork"]
[Result "0-1"]
[WhiteElo "2700"]
[BlackElo "2421"]
[TimeControl "180+1"]
[EndTime "8:08:33 PST"]
[Termination "Juicy_Fork won on time"]

1. e4 e5 2. Nf3 Nc6 3. Bc4 Nf6 4. d3 Bc5 5. O-O O-O 6. h3 h6 7. Re1 d6 8. c3 a5 9. Nbd2 Ba7 10. Nf1 Re8 11. Ng3 Ne7 12. d4 Ng6 13. Bb3 b5 14. Bc2 Bb7 15. Be3 exd4 16. Bxd4 c5 17. Be3 Nxe4 18.
Nxe4 Bxe4 19. Bxe4 Rxe4 20. Qd3 d5 21. Qxb5 Rb8 22.
Qa6 Qc7 23. b3 Re6 24. Qd3 c4 25. bxc4 dxc4 26. Qd2 Rd8 27. Bd4 Nf4 28. Rxe6 Nxe6 29. Qe3 Nxd4 30. cxd4 Qd7 31. Rd1 Qd5 32. Qc3 a4 33.
Rc1 Rc8 34. Qb4 Qc6 35. Nd2 Qf6 36. Nf3 Bxd4 37. Rxc4 Rxc4 38. Qxc4 Bb6 39. Qxa4 Qa1+ 40. Kh2 Bxf2 41. Qe8+ Kh7 42. Qxf7 Qc3 43. Ng5+ hxg5 44.
Qxf2 Qe5+ 45. Kg1 Qa1+ 46. Kh2 Qe5+ 47. g3 Qa5 48. Qc2+ Kh6 49. a4 Qb4 50. Qa2 Qa5 51.
Kg2 Qa8+ 52. Kf2 Qa5 53. Kf3 Qf5+ 54. Kg2 Qa5 55. Qc2 Qb4 56. Kh2 Qa5 57. h4 gxh4 58. gxh4 Qe5+ 59. Kh3 Qa5 60. Qe4 Qb6 61. Kg3 Qb3+ 0-1

[Event "Early-Titled-Tuesday-Blitz-January-23-2024"]
[Site "Chess.com"]
[Date "2024.01.23"]
[Round "1"]
[White "arnash_bauyrzhan"]
[Black "FMVolodymyrSakun"]
[Result "1/2-1/2"]
[WhiteElo "2204"]
[BlackElo "2575"]
[TimeControl "180+1"]
[EndTime "8:08:34 PST"]
[Termination "Game drawn by repetition"]

1. e4 d6 2. d4 Nf6 3. Bd3 e5 4. Nf3 exd4 5. Nxd4 g6 6. O-O Bg7 7. c3 O-O 8. f3 Nc6 9. Be3 d5 10. Nxc6 bxc6 11. Nd2 Rb8 12. Qc2 a5 13. Rad1 Re8 14. Bd4 Be6 15. Nb3 Ra8 16. Nc5 Qe7 17. Rfe1 Nd7 18.
Nxe6 fxe6 19. exd5 cxd5 20. Bxg7 Kxg7 21. Bb5 Qd6 22.
Bxd7 Qxd7 23. Qf2 e5 24. Qc5 c6 25. c4 Rad8 26. cxd5 cxd5 27. Qxa5 Re6 28. Qc3 Qe7 29.
a4 Qa7+ 30. Kh1 d4 31. Qc4 Rdd6 32. Qb5 Kf6 33. f4 exf4 34. Rxe6+ Rxe6 35. Rf1 g5 36. h4 h6 37. hxg5+ hxg5 38. Qd5 Qb6 39. a5 Qd6 40. Qxd6 Rxd6 41. b4 Ra6 42. Rd1 Ke5 43. Kg1 Kd5 44.
Kf2 Kc4 45. Kf3 Rd6 46. Kg4 Kxb4 47. a6 Kc3 48. a7 Ra6 49. Kxg5 Rxa7 50. Kxf4 d3 51.
g4 d2 52. g5 Kc2 53. Rxd2+ Kxd2 54. g6 Kd3 55. Kf5 Kd4 56. Kf6 Kd5 57. g7 Ra6+ 58.
Kf7 Ra7+ 59. Kf8 Ra8+ 60. Kf7 Ra7+ 61. Kf6 Ra6+ 62. Kf7 Ra7+ 1/2-1/2

[Event "Early-Titled-Tuesday-Blitz-January-23-2024"]
[Site "Chess.com"]
[Date "2024.01.23"]
[Round "1"]
[White "ReinisUz"]
[Black "vasblesk"]
[Result "0-1"]
[WhiteElo "2434"]
[BlackElo "2773"]
[TimeControl "180+1"]
[EndTime "8:08:35 PST"]
[Termination "vasblesk won by resignation"]

1. c4 e5 2. Nc3 Nf6 3. g3 c6 4. Nf3 e4 5. Nd4 d5 6. cxd5 cxd5 7. d3 exd3 8. Qxd3 Nc6 9. Bg2 Bc5 10. Nxc6 bxc6 11.
O-O O-O 12. e4 dxe4 13. Qxd8 Rxd8 14. Nxe4 Nxe4 15. Bxe4 Ba6 16. Bg5 f6 17. Rfc1 Bd4 18.
Rxc6 Bb7 19. Bf4 Bxc6 20. Bxc6 Rac8 21. Ba4 Bxb2 22. Re1 Kf8 23. Rb1 Bd4 24. Rb7 Bc5 25. Bb3 Be7 26. Rxa7 g5 27. Be3 Ra8 28. Rb7 Rab8 29.
Ra7 h5 30. h4 gxh4 31. gxh4 Rb4 32. Kf1 Rxh4 33. Ke2 Rg4 34. Be6 Rg1 35. Bf5 Ra1 36.
Bh6+ Kf7 37. Be3 Rd5 38. Bc2 Re5 39. Bb3+ Kg6 40. Ra8 Rh1 41. Rg8+ Kh7 42. Re8 Rh2 43. Bc2+ Kg7 44. Bb3 Bd6 45. Rg8+ Kh7 46. Kf3 Rf5+ 47.
Ke2 Bc5 48. Rc8 Bxe3 49. Rc7+ Kh6 50. Kxe3 Rfxf2 51. Bc4 f5 52. Kd4 Rf4+ 53. Ke5 Rff2 54. Be6 Rhg2 55. Kf6 Rg6+ 56. Ke7 Rg7+ 57. Bf7 Kg5 58.
Kf8 Rh7 59. Kg8 Rh6 60. Kg7 Rd6 61. Rc5 Rf4 62. Ra5 h4 63. a4 h3 64. Rb5 h2 65.
Rb1 Rh4 66. Rb2 h1=Q 67. Rg2+ Qxg2 0-1

[Event "Early-Titled-Tuesday-Blitz-January-23-2024"]
[Site "Chess.com"]
[Date "2024.01.23"]
[Round "1"]
[White "dmosesov"]
[Black "Nechitaylo_Nikita"]
[Result "1-0"]
[WhiteElo "2641"]
[BlackElo "2323"]
[TimeControl "180+1"]
[EndTime "8:08:35 PST"]
[Termination "dmosesov won by checkmate"]

1. Nf3 c5 2. e4 Nc6 3. Bc4 g6 4.
O-O Bg7 5. c3 e6 6. Bb5 Nge7 7. d4 cxd4 8. cxd4 d5 9. e5 O-O 10.
Nc3 f6 11. exf6 Bxf6 12. Bg5 Bxg5 13. Nxg5 Nf5 14. Nf3 Nh4 15. Nxh4 Qxh4 16. Bxc6 bxc6 17. Qd3 a5 18. Qe3 c5 19. dxc5 d4 20. Qe4 Qxe4 21. Nxe4 Ba6 22. Rfe1 Rac8 23. Rac1 d3 24. Rc3 Rfd8 25. Rd1 Rc6 26. f3 e5 27. Kf2 Kf7 28. Ke3 Ke6 29. Nf2 h5 30. Nxd3 Bxd3 31. Rdxd3 Rxd3+ 32.
Kxd3 Kd5 33. a3 a4 34. Rc4 Rc8 35. Rxa4 Rxc5 36. b4 Rc1 37. Ra5+ Kd6 38. Ra6+ Kd5 39. Rxg6 Rd1+ 40. Ke2 Ra1 41. Rg5 Ra2+ 42. Kf1 Rxa3 43. f4 Ra1+ 44. Kf2 Ra2+ 45. Kg3 Ra3+ 46. Kh4 Ke4 47. Rxe5+ Kxf4 48. Rxh5 Ra2 49. g3+ Kf3 50. Rf5+ Ke4 51. Rf4+ Ke5 52. h3 Rb2 53. Kg4 Rc2 54.
h4 Rc8 55. h5 Rg8+ 56. Kh4 Rh8 57. Rg4 Kf5 58. Rg5+ Kf6 59. g4 Rc8 60. Rg6+ Kf7 61. b5 Rc1 62. b6 Rh1+ 63. Kg5 Rb1 64. Rc6 Rb5+ 65. Kh6 Kg8 66. g5 Kf7 67. g6+ Ke7 68. g7 Ra5 69. g8=Q Rxh5+ 70. Kxh5 Kd7 71. Qe6+ Kd8 72. Rc8# 1-0

[Event "Early-Titled-Tuesday-Blitz-January-23-2024"]
[Site "Chess.com"]
[Date "2024.01.23"]
[Round "1"]
[White "Hamisandwich"]
[Black "MusicCityMaster"]
[Result "1-0"]
[WhiteElo "2706"]
[BlackElo "2399"]
[TimeControl "180+1"]
[EndTime "8:08:37 PST"]
[Termination "Hamisandwich won by checkmate"]

1. d4 Nf6 2. Nc3 d5 3. Bf4 c6 4.
e3 e6 5. Bd3 b5 6. Nf3 a5 7. Ne5 Nfd7 8. Qh5 Nxe5 9. Bxe5 Nd7 10. f4 b4 11. Na4 Ba6 12. f5 Bxd3 13. cxd3 Nxe5 14. dxe5 exf5 15. Qxf5 Be7 16. O-O O-O 17. d4 Qc8 18. Qf3 Rb8 19. Rac1 Qe6 20. Qg3 f6 21. exf6 Bxf6 22. Nc5 Qe7 23. Rf3 Rbe8 24. Rcf1 Qd8 25. Qg4 Kh8 26. g3 Qc8 27. Qd7 h6 28. Qxc8 Rxc8 29. Nd7 Rfe8 30. Nxf6 gxf6 31. Rxf6 Rxe3 32. Rxh6+ Kg7 33. Rhf6 Re2 34. Rf7+ Kg8 35. R7f2 Re4 36. Rd2 Rce8 37. Kg2 Re2+ 38. Rf2 Rxd2 39. Rxd2 Re1 40.
b3 Re4 41. Kf3 Kg7 42. h4 Kg6 43. g4 Kf6 44. Rc2 Rxd4 45. Rxc6+ Kf7 46. h5 Rd2 47. g5 Rxa2 48. Rc7+ Ke6 49. g6 Ra1 50. Kf2 Ra2+ 51. Kf3 Ra1 52. g7 Rg1 53. h6 a4 54.
bxa4 b3 55. Rb7 Kf6 56. Rb8 b2 57. Rxb2 Kf7 58. Rg2 Rf1+ 59. Ke2 Rf6 60. g8=Q+ Ke7 61. Rg7+ Kd6 62. Qd8+ Kc5 63. Qxf6 d4 64. Rg5+ Kc4 65.
Rg4 Kc3 66. Qxd4+ Kb3 67. Rg3+ Kc2 68. Qd2+ Kb1 69. Rg1# 1-0

[Event "Early-Titled-Tuesday-Blitz-January-23-2024"]
[Site "Chess.com"]
[Date "2024.01.23"]
[Round "1"]
[White "WPWPWP-2015"]
[Black "carokannlover213"]
[Result "1-0"]
[WhiteElo "2489"]
[BlackElo "2841"]
[TimeControl "180+1"]
[EndTime "8:08:38 PST"]
[Termination "WPWPWP-2015 won on time"]

1. e4 c6 2. Nc3 g6 3. Nf3 Bg7 4. Bc4 d6 5. a4 Nf6 6. O-O O-O 7. d3 c5 8. h3 Nc6 9. Bd2 e5 10. Nd5 Nxd5 11. Bxd5 Be6 12. Bxe6 fxe6 13. c3 Qd7 14.
a5 Rf7 15. Re1 Raf8 16. Be3 h6 17. Kh2 g5 18. Ng1 Ne7 19. Ne2 Ng6 20. f3 Nf4 21. b4 cxb4 22. cxb4 a6 23. Nc3 d5 24. Bc5 Rc8 25. Rc1 d4 26. Ne2 Bf8 27. Nxf4 exf4 28. Bxf8 Rfxf8 29. Qb3 Kf7 30. Rc4 Rxc4 31. dxc4 d3 32. Rd1 d2 33. b5 Rd8 34. bxa6 bxa6 35. c5 Qb5 36. Qc2 Qxa5 37. c6 Qc7 38. e5 Kg7 39. Qc5 Rd5 40. Qc4 h5 41. Qxa6 g4 42. fxg4 hxg4 43. hxg4 Qxe5 44. Qa7+ Kg6 45. c7 f3+ 46.
Kh3 Qh8+ 47. Kg3 fxg2 48. Qa6 g1=Q+ 49. Rxg1 d1=Q 50. Rxd1 Rxd1 51. Qxe6+ Kg5 52. Qf5+ Kh6 53. Qh5+ Kg7 54. Qxh8+ Kxh8 55. c8=Q+ Kg7 56. Qc7+ Kg6 57. Qc2+ Kg7 58. Qxd1 1-0

[Event "Early-Titled-Tuesday-Blitz-January-23-2024"]
[Site "Chess.com"]
[Date "2024.01.23"]
[Round "1"]
[White "JoliyRoger"]
[Black "monomita"]
[Result "0-1"]
[WhiteElo "2452"]
[BlackElo "2827"]
[TimeControl "180+1"]
[EndTime "8:08:38 PST"]
[Termination "monomita won on time"]

1. d4 Nf6 2. c4 e6 3. Nf3 d5 4.
Nc3 dxc4 5. e3 a6 6. Bxc4 b5 7. Bd3 Bb7 8. O-O c5 9. dxc5 Bxc5 10. Qc2 Nbd7 11. Ne4 Rc8 12. Qb1 Nxe4 13. Bxe4 Bxe4 14.
Qxe4 O-O 15. Bd2 Nf6 16. Qh4 Nd5 17. Qe4 Bd6 18. Rfd1 Qf6 19. Qd4 Qxd4 20. Nxd4 Be5 21. Rac1 Bxd4 22. exd4 f6 23. Kf1 Kf7 24. Ke2 Ke7 25.
Rc5 Kd7 26. Rdc1 Rxc5 27. dxc5 b4 28. Rc4 Kc6 29. Rh4 h6 30. Rg4 g5 31. Re4 e5 32. a3 bxa3 33. bxa3 Kxc5 34. h4 Rb8 35. h5 Rb2 36. Kd1 Rb1+ 37. Kc2 Rf1 38. Re2 Nf4 39.
Bxf4 gxf4 40. Kd3 Kd5 41. Rd2 Ra1 42. Kc2+ Ke6 43. Kb2 Rg1 44. f3 Kf5 45. Kc3 Ra1 46. Kb4 Ke6 47. Ka4 Rh1 48. Ka5 Rxh5 49. Kxa6 Rh1 50. Ra2 f5 51. a4 e4 52. a5 Rb1 0-1

[Event "Early-Titled-Tuesday-Blitz-January-23-2024"]
[Site "Chess.com"]
[Date "2024.01.23"]
[Round "1"]
[White "Boxerandchessplayer"]
[Black "YouJustFoundYourGodfather"]
[Result "1-0"]
[WhiteElo "2237"]
[BlackElo "2574"]
[TimeControl "180+1"]
[EndTime "8:08:39 PST"]
[Termination "Boxerandchessplayer won by checkmate"]

1. d4 g6 2. c4 Bg7 3. Nc3 d6 4. e4 Nc6 5. Nge2 e5 6. d5 Nce7 7. Ng3 h5 8. h4 Bg4 9. Be2 Bxe2 10. Qxe2 Bh6 11. Bg5 f6 12. Bxh6 Nxh6 13. O-O-O a6 14. Kb1 Qd7 15. Rdf1 Qg4 16. Qe3 b6 17. f4 O-O-O 18. b4 Kb7 19. c5 Nc8 20. f5 Rdg8 21.
fxg6 Rxg6 22. Rf3 Kb8 23. Nce2 Qd7 24. Qb3 Ng4 25. Rc1 Na7 26. cxb6 cxb6 27. a4 Rgg8 28. Rfc3 Rc8 29. Nf5 Rxc3 30. Rxc3 Nh6 31. Neg3 Nf7 32. Qc2 Kb7 33. Kb2 Nh6 34. Kb3 Nxf5 35. Nxf5 Rg8 36. g3 Rc8 37. Rxc8 Nxc8 38. Qe2 Qe8 39. b5 axb5 40.
axb5 Kb8 41. Qc4 Qd7 42. Kb4 Qd8 43. Qc6 Qf8 44. Qd7 Qg8 45. Nxd6 Nxd6 46. Qxd6+ Kb7 47. Qxf6 Qxg3 48. Qe7+ Kb8 49. Qe8+ Kb7 50. Qc6+ Ka7 51. Qc7+ Ka8 52. Qc6+ Ka7 53. Qc7+ Ka8 54. Qxb6 Qe1+ 55. Kc5 Qc3+ 56. Kd6 Qb4+ 57. Qc5 Qxe4 58. b6 Qxh4 59. Qc8# 1-0

[Event "Early-Titled-Tuesday-Blitz-January-23-2024"]
[Site "Chess.com"]
[Date "2024.01.23"]
[Round "1"]
[White "ViktoriyaTarasova"]
[Black "Tejas_Rama"]
[Result "0-1"]
[WhiteElo "2331"]
[BlackElo "2646"]
[TimeControl "180+1"]
[EndTime "8:08:40 PST"]
[Termination "Tejas_Rama won by resignation"]

1. d4 Nf6 2. c4 e6 3. Nc3 Bb4 4. e3 O-O 5. Bd3 d5 6. cxd5 exd5 7. Ne2 b6 8. O-O Bb7 9. Ng3 Re8 10. f3 Bf8 11. Qc2 c5 12. Bd2 Nc6 13. dxc5 Nb4 14. Qb1 d4 15. Nce4 Nxd3 16. Qxd3 Nxe4 17. fxe4 dxe3 18.
Qxd8 Raxd8 19. Bxe3 Bxc5 20. Bxc5 bxc5 21. Rac1 Re5 22. Rf2 g6 23. Rfc2 Rc8 24. h3 h5 25. h4 Kg7 26. Kf2 Rc6 27. Ke3 Rb6 28.
b3 Bxe4 29. Nxe4 Rbe6 30. Rxc5 Rxe4+ 31. Kf3 Rxh4 32. Rc7 Rf6+ 33. Kg3 Rg4+ 34. Kh2 Rf2 35. Rg1 Rxa2 36. Rb7 a5 37. Kh3 Ra3 38. g3 a4 39.
bxa4 Raxa4 40. Rb3 h4 41. Rf3 Rxg3+ 42. Rgxg3 hxg3 43. Kxg3 f5 44. Kg2 Kf6 45. Kg3 Kg5 46. Kg2 Rg4+ 47.
Kh3 Rh4+ 48. Kg3 Rh8 49. Rf1 Kf6 50. Kg2 g5 51. Ra1 g4 52. Ra6+ Kg5 53. Ra5 Rb8 54. Rc5 Rb2+ 55. Kg3 Rb3+ 56. Kg2 Rf3 57. Ra5 Rb3 58.
Rc5 Rb8 59. Ra5 Re8 60. Rc5 Kf4 61. Rc4+ Re4 62. Rc5 Re2+ 63. Kg1 Ra2 64. Rc4+ Kg3 65. Rc3+ Kh4 66. Rc4 Kg5 67. Rc5 g3 68. Rc4 f4 69.
Kf1 Kg4 0-1

[Event "Early-Titled-Tuesday-Blitz-January-23-2024"]
[Site "Chess.com"]
[Date "2024.01.23"]
[Round "1"]
[White "AttilaTurzo"]
[Black "frederiksvane"]
[Result "0-1"]
[WhiteElo "2501"]
[BlackElo "2928"]
[TimeControl "180+1"]
[EndTime "8:08:44 PST"]
[Termination "frederiksvane won on time"]

1. d4 Nf6 2. Bf4 b6 3. c3 Bb7 4.
Nd2 d6 5. Qc2 Nbd7 6. Ngf3 g6 7.
e4 Bg7 8. h3 O-O 9. Bd3 e5 10.
dxe5 dxe5 11. Be3 Qe7 12. O-O Nc5 13. Rfe1 a5 14. a4 Nxd3 15. Qxd3 Rad8 16. Qc2 Qe6 17. Bg5 h6 18. Bxf6 Bxf6 19. b3 Kg7 20. Nc4 Ba6 21.
Ne3 c6 22. c4 Be7 23. Red1 Bc5 24. Ng4 f6 25. Qc1 Rxd1+ 26. Qxd1 h5 27. Ne3 Qe7 28.
Nh4 Bc8 29. Qf3 Qf7 30. Rd1 Be6 31. Qg3 Kh7 32. Rd3 Be7 33. Nf3 Rd8 34. Rxd8 Bxd8 35. Nh4 Be7 36. Qf3 Bc5 37. g4 hxg4 38. hxg4 Kg7 39.
Qg3 Bxe3 40. fxe3 Qc7 41. g5 Qf7 42. Nf3 Qe7 43. gxf6+ Qxf6 44. Ng5 Bg8 45. Nf3 Be6 46.
Qxe5 Qxe5 47. Nxe5 c5 48. Nf3 Bg4 49. Nd2 Kf6 50. Kf2 Ke5 51. Kg3 Bd1 52. Kh4 Bc2 53.
Kg5 Bxe4 54. Kg4 Bc2 55. Kg5 Bf5 56. Kh4 Kf6 57. Kg3 g5 58. Nf3 Bc2 59. Nd2 Kf5 60.
Kf3 Bd1+ 61. Kg3 Ke5 62. Kf2 Kf6 63. Kg3 Kf5 64. Kh3 g4+ 65. Kg3 Bc2 66. Kf2 Kg6 67. Kg3 Kg5 68. e4 Bd1 0-1

[Event "Early-Titled-Tuesday-Blitz-January-23-2024"]
[Site "Chess.com"]
[Date "2024.01.23"]
[Round "1"]
[White "DenLaz"]
[Black "Giorno"]
[Result "1-0"]
[WhiteElo "3080"]
[BlackElo "2530"]
[TimeControl "180+1"]
[EndTime "8:08:45 PST"]
[Termination "DenLaz won by checkmate"]

1. d4 Nf6 2. c4 d6 3. Nf3 Nbd7 4. g3 e5 5. Bg2 Be7 6. O-O O-O 7. Nc3 c6 8. e4 Re8 9. h3 a5 10. Be3 Qc7 11. Rc1 exd4 12. Nxd4 Ne5 13. b3 Ng6 14. Qd2 Bf8 15. f4 Bd7 16. Rfe1 h6 17. Bf2 Rad8 18. Kh1 Bc8 19. Nc2 Nd7 20. g4 Nc5 21. Bg3 Be7 22.
Ne3 Bh4 23. Bxh4 Nxh4 24. Nf5 Bxf5 25. exf5 Qd7 26. Kh2 Rxe1 27. Rxe1 Re8 28. Bh1 g6 29. Kg3 Rxe1 30. Qxe1 g5 31. Qe3 Qd8 32. Ne2 Qf6 33.
Qd4 Qxd4 34. Nxd4 Nd3 35. fxg5 hxg5 36. Be4 Nb4 37. a3 Na6 38. Bc2 Kg7 39. Ne2 Nc5 40.
b4 axb4 41. axb4 Na6 42. b5 Nc7 43. bxc6 bxc6 44. Nc3 Na6 45. Ne4 Nb4 46. Bb1 f6 47. Nxd6 Na6 48. Be4 c5 49. Bd5 Kf8 50. Ne4 Ke7 51.
Bb7 Nb4 52. Nxc5 Kd6 53. Ne4+ Ke5 54. Nd2 Nd3 55. Bd5 Nf4 56. Bb7 Ne2+ 57. Kh2 Kf4 58. c5 Nd4 59. c6 Nb5 60. Ba6 Nc7 61. Bf1 Nf3+ 62. Nxf3 Kxf3 63. Bg2+ Kf2 64. h4 gxh4 65. g5 fxg5 66. f6 g4 67. f7 g3+ 68. Kh3 Ne6 69. c7 Nxc7 70. f8=Q+ Kg1 71. Qc5# 1-0

[Event "Early-Titled-Tuesday-Blitz-January-23-2024"]
[Site "Chess.com"]
[Date "2024.01.23"]
[Round "1"]
[White "Sebastian"]
[Black "ama18"]
[Result "1-0"]
[WhiteElo "2999"]
[BlackElo "2517"]
[TimeControl "180+1"]
[EndTime "8:08:45 PST"]
[Termination "Sebastian won by resignation"]

1. e4 c5 2. Nf3 d6 3. d4 cxd4 4. Nxd4 Nf6 5. Nc3 a6 6. Bg5 e6 7.
Qe2 Be7 8. h4 Qc7 9. O-O-O b5 10. a3 Nbd7 11. Rh3 h6 12. Bd2 Ne5 13. Rg3 g6 14. f4 Ned7 15. Re3 e5 16. Nd5 Nxd5 17. exd5 Bb7 18. Rc3 Nc5 19. fxe5 dxe5 20. Nf3 e4 21. Nd4 Qe5 22. Be3 Rc8 23. Nxb5 axb5 24. Qxb5+ Nd7 25. Qxb7 Rxc3 26. bxc3 Qxc3 27. Bd4 Qxa3+ 28. Bb2 Qe3+ 29. Kb1 O-O 30. Qxd7 Ba3 31. Qb5 Bd6 32. Qb3 Qf2 33. Bb5 Rb8 34. c4 e3 35. Qc3 Kf8 36. Ba3 Bxa3 37. Qxa3+ Kg8 38. Qc3 e2 39. Re1 Qf5+ 40.
Kc1 Qf4+ 41. Kc2 Qe4+ 42. Kd2 Qxg2 43. Rxe2 Qh1 44. Qe5 Rc8 45. d6 Ra8 46. d7 Ra2+ 47. Ke3 Qg1+ 48. Kf3 Qf1+ 49. Kg3 Qg1+ 50. Kf4 Qf1+ 51.
Kg4 Qg1+ 52. Qg3 Qd4+ 53. Kf3 Ra3+ 54. Kg2 Rxg3+ 55. Kxg3 Qd3+ 56. Kf2 Qd4+ 57. Re3 Qd2+ 58. Kf3 Qd1+ 59. Ke4 Qc2+ 60. Kd5 Qd2+ 61. Kc6 Qxe3 62.
d8=Q+ Kg7 63. c5 Qe4+ 64. Qd5 Qxh4 65. Qe5+ 1-0

[Event "Early-Titled-Tuesday-Blitz-January-23-2024"]
[Site "Chess.com"]
[Date "2024.01.23"]
[Round "1"]
[White "Kotlyar_K"]
[Black "abhidabhi"]
[Result "0-1"]
[WhiteElo "2502"]
[BlackElo "2934"]
[TimeControl "180+1"]
[EndTime "8:08:48 PST"]
[Termination "abhidabhi won by checkmate"]

1. e4 e6 2. Nf3 d5 3. Nc3 Nf6 4. e5 Nfd7 5. d4 c5 6. dxc5 Nc6 7. Bf4 Bxc5 8. Bd3 f6 9. exf6 Qxf6 10. Bg3 O-O 11.
O-O h6 12. Qe2 Nd4 13. Nxd4 Bxd4 14. Nb5 Be5 15. c3 a6 16. Nd6 Bxg3 17. fxg3 Qe7 18. Nxc8 Raxc8 19. Rae1 Rxf1+ 20. Rxf1 Rf8 21. Rxf8+ Kxf8 22. Qf2+ Nf6 23. Bg6 e5 24. Qb6 e4 25. Qe3 Nd7 26.
b4 Ne5 27. Bf5 Qf6 28. Bc8 b6 29. Bxa6 Ng4 30. Qe2 Qg5 31. h3 Ne5 32. Kh2 e3 33. Bd3 Nxd3 34. Qxd3 Qe5 35. Qe2 Qxc3 36. b5 Ke7 37. a4 d4 38. Qh5 d3 39. Qf5 Qf6 40.
Qe4+ Qe6 41. Qh4+ g5 42. Qb4+ Kf7 43. Qb1 e2 44. Qe1 d2 45. Qxd2 e1=Q 46. Qc2 Q1e4 47. Qc7+ Kg6 48. Qd8 Q4e5 49. Qd2 Q6d6 50. Qf2 h5 51. h4 gxh4 52. Kh1 hxg3 53. Qc2+ Qf5 54. Qc1 Qff4 55. Qb1+ Kg5 56. Qe1 Qh4+ 57. Kg1 Qdd4+ 58.
Kf1 Qh1+ 59. Ke2 Qxg2+ 60. Qf2 Qgxf2# 0-1

[Event "Early-Titled-Tuesday-Blitz-January-23-2024"]
[Site "Chess.com"]
[Date "2024.01.23"]
[Round "1"]
[White "ilya2700"]
[Black "Gennady_Kozlov"]
[Result "0-1"]
[WhiteElo "2339"]
[BlackElo "2648"]
[TimeControl "180+1"]
[EndTime "8:08:50 PST"]
[Termination "Gennady_Kozlov won by resignation"]

1. d4 e6 2. c4 b6 3. Nf3 Bb7 4.
g3 f5 5. Bg2 Nf6 6. O-O Be7 7.
Nc3 Ne4 8. Nd2 Nxc3 9. bxc3 Bxg2 10. Kxg2 O-O 11. e4 f4 12. Nf3 fxg3 13. hxg3 d6 14. Qd3 Nd7 15. Rh1 e5 16. Be3 Bf6 17. Rh3 Qe7 18.
Rah1 h6 19. g4 exd4 20. cxd4 c5 21. g5 Bxd4 22. gxh6 Bxe3 23. Qxe3 g6 24. Rg3 Rf6 25.
Nh4 Kh7 26. Nf5 Qe5 27. Ng7 Raf8 28. f3 Qb2+ 29. Qf2 Qxf2+ 30. Kxf2 Ne5 31. Rhh3 Nxc4 32. Ke2 Ne5 33. Ke3 R8f7 34. Ne8 Re6 35. Ng7 Ree7 36. f4 Nc4+ 37. Kd3 Nb2+ 38. Kc2 Nc4 39. Kd3 b5 40. f5 Ne5+ 41. Kc2 c4 42. fxg6+ Nxg6 43. Nf5 Rxe4 44.
Nxd6 Rf2+ 45. Kc3 Ree2 46. Rxg6 Rc2+ 47. Kb4 Rb2+ 48. Kc5 Kxg6 49. h7 Rf8 50. h8=Q Rxh8 51. Rxh8 c3 52. Rh1 c2 53. Rc1 a6 54. Kd4 Rxa2 55.
Kc3 Kf6 56. Kb3 Ra4 57. Rxc2 Ke5 58. Nb7 Rh4 59. Rc5+ Kd4 60. Rc2 Rh7 61. Nc5 a5 62. Kb2 a4 63. Ne6+ Kd3 64. Nf4+ Ke4 65. Ne2 Rh3 66. Nc1 Kd5 67. Rd2+ Kc6 68. Nd3 Kb6 69. Ne5 b4 70. Rc2 Kb5 71. Nd7 a3+ 72. Kb1 b3 73.
Rc1 a2+ 74. Kb2 Kb4 75. Rc2 bxc2 0-1

[Event "Early-Titled-Tuesday-Blitz-January-23-2024"]
[Site "Chess.com"]
[Date "2024.01.23"]
[Round "1"]
[White "tsaruk_maks"]
[Black "FMCASTE"]
[Result "0-1"]
[WhiteElo "2757"]
[BlackElo "2464"]
[TimeControl "180+1"]
[EndTime "8:08:53 PST"]
[Termination "FMCASTE won by checkmate"]

1. e4 g6 2. d4 Bg7 3. c3 d6 4. Nf3 b6 5. Bc4 e6 6. O-O Bb7 7. Re1 Nd7 8. a4 a6 9. Bg5 Ne7 10. Nbd2 h6 11. Bh4 g5 12. Bg3 Ng6 13. Qb3 Qe7 14.
d5 e5 15. Nf1 g4 16. N3d2 h5 17.
f3 h4 18. Bf2 Nf6 19. Ne3 Bc8 20. fxg4 Nxg4 21. Nxg4 Bxg4 22. h3 Bd7 23. Be2 Nf4 24. Bf3 Bh6 25. Nf1 Rg8 26. Kh2 Qg5 27. Ne3 Qf6 28.
Qd1 Rg7 29. c4 O-O-O 30. a5 b5 31. Ng4 Qg5 32. c5 Rdg8 33. c6 Bxg4 34. Bxg4+ Kd8 35.
Rg1 Qf6 36. Bf3 Nxg2 37. Rxg2 Rxg2+ 38. Bxg2 Qxf2 39. Qf3 Bf4+ 40. Kh1 Qxb2 41. Rf1 Rg3 42. Qf2 Qxf2 43. Rxf2 Ra3 44. Bf3 Rxa5 45. Bh5 Ra1+ 46. Kg2 Ke7 47. Kf3 b4 48. Rg2 Bg3 49. Kg4 b3 50.
Rb2 Ra3 51. Kf5 a5 52. Bd1 a4 53. Rd2 Ra2 54. Rd3 b2 55. Bc2 Ra1 56. Kg4 b1=Q 57.
Bxb1 Rxb1 58. Ra3 Rb4 59. Kf5 Bf2 60. Ra2 Bc5 61. Rg2 a3 62. Rg8 Ra4 63. Rc8 Bb6 64. Rg8 a2 65. Rg5 a1=Q 66. Rg1 Qc3 67. Rg4 Qf3+ 68.
Kg5 Rxe4 69. Kxh4 Rxg4+ 70. hxg4 Qf4 71. Kh5 e4 72. g5 Qf5 73. Kh6 Qg6# 0-1